 Dungeon Crawl Stone Soup version 0.22-a0-571-g4a923d4b9e (webtiles) character file.

3386 PikkenKukken the Skirmisher (level 9, -13/81 HPs)
             Began as a Minotaur Abyssal Knight on July 1, 2018.
             Was a Priest of Lugonu.
             Mangled by a two-headed ogre
             ... wielding a +0 giant club
              (17 damage)
             ... on level 6 of the Dungeon.
             The game lasted 00:14:49 (7259 turns).

PikkenKukken the Skirmisher (MiAK)                  Turns: 7259, Time: 00:14:50

Health: -13/81     AC: 14    Str: 18    XL:     9   Next: 74%
Magic:  20/20      EV: 12    Int:  9    God:    Lugonu [***...]
Gold:   431        SH:  5    Dex: 12    Spells: 8/8 levels left

rFire    + + .     SeeInvis .   a - +2 hand axe
rCold    x . .     Gourm    .   n - +0 buckler
rNeg     . . .     Faith    .   f - +1 fire dragon scales
rPois    .         Spirit   .   (helmet unavailable)
rElec    .         Reflect  .   E - +0 cloak
rCorr    .         Harm     .   i - +0 pair of gloves
MR       .....     Clarity  +   (no boots)
Stlth    ..........             (no amulet)
HPRegen  0.23/turn              h - ring of magical power
MPRegen  0.17/turn              (no ring)

@: no status effects
A: retaliatory headbutt, horns 3, clarity, no potion heal 1, subdued magic 1
a: Depart the Abyss, Bend Space, Banish, Renounce Religion


You were on level 6 of the Dungeon.
You worshipped Lugonu.
Lugonu was most pleased with you.
You were not hungry.

You visited 1 branch of the dungeon, and saw 8 of its levels.
You visited the Abyss 1 time.

You collected 431 gold pieces.

Inventory:

Hand Weapons
 a - a +2 hand axe (weapon)
 t - a +0 war axe
Missiles
 e - 51 bolts
 j - 42 sling bullets
 o - 3 tomahawks (quivered)
Armour
 b - a +0 leather armour
 d - a scarf of cloud immunity
 f - +1 fire dragon scales (worn)
 i - a +0 pair of gloves (worn)
 n - a +0 buckler (worn)
 E - a +0 cloak (worn)
Jewellery
 h - a ring of magical power (left hand)
Scrolls
 l - 3 scrolls of enchant weapon
 m - 3 scrolls of remove curse
 r - 2 scrolls of amnesia
 v - 2 scrolls of fog
 x - a scroll of enchant armour
 z - 3 scrolls of teleportation
 A - 2 scrolls of fear
Potions
 g - a potion of might
 k - 2 potions of lignification
 p - 4 potions of flight
 q - 2 potions of heal wounds
 s - 6 potions of curing
 u - 2 potions of agility
 w - a potion of haste
 B - 3 potions of mutation
 C - a potion of cancellation
 D - a potion of brilliance
Comestibles
 c - 14 rations


   Skills:
 + Level 7.9 Fighting
 + Level 7.5 Axes
 + Level 7.5 Armour
 + Level 6.4 Dodging
 + Level 6.4 Shields
 - Level 5.0 Invocations


You had 8 spell levels left.
You didn't know any spells.
Your spell library was empty.

Dungeon Overview and Level Annotations

Branches:
Dungeon (8/15)             Temple (0/1) D:6
   Lair: D:8-11

Altars:
Fedhas
Hepliaklqana
Qazlal
Sif Muna

Shops:
D:8 *

Annotations:
D:4 Dowan


Innate Abilities, Weirdness & Mutations

You reflexively headbutt those who attack you in melee.
You have a pair of large horns on your head.
You possess an exceptional clarity of mind.
Potions are less effective at restoring your health.
Your spells are a little easier to cast, but a little less powerful.


Message History

You closely miss the two-headed ogre.
The two-headed ogre is lightly wounded.
You slash the two-headed ogre! You headbutt the two-headed ogre!
The two-headed ogre is heavily wounded.
You block the two-headed ogre's attack.
The two-headed ogre hits you with a giant spiked club.
You hit the two-headed ogre but do no damage.
Your headbutt misses the two-headed ogre.
The two-headed ogre is heavily wounded.
The two-headed ogre hits you with a giant club!
The two-headed ogre hits you with a giant spiked club!!
* * * LOW HITPOINT WARNING * * *
You climb upwards.
There is a stone staircase leading down here.
The two-headed ogre barely misses you.
The two-headed ogre hits you but does no damage.
The two-headed ogre hits you with a giant club!
* * * LOW HITPOINT WARNING * * *
The two-headed ogre hits you with a giant spiked club!
You die...

#.....# #.# #.# #.#..
##.⌠._#### #.# #.# #.###
#....#..####.#####.# #.#
##..###........[.#.#
###.###
##########.###.#####.#
#......
##(..####...###.#####.###
#...(..
..........####..##......#
#......
.....#####.....###......#
#...... .....#
#.....O@.......# #......
.....# #..######..<...#
#...... .....# ####
#......# #...... ######
######## #...... #######


You could see a two-headed ogre.

Vanquished Creatures
  A centaur zombie (D:7)
  A kobold demonologist (D:8)
  A troll (D:8)
  A spriggan (D:8)
  Duvessa (D:4)
  A water moccasin (D:5)
  3 phantoms (D:8)
  3 ice beasts
  An orc warrior (D:7)
  2 ogres
  4 centaurs
  4 bullfrogs
  4 killer bees
  A bullfrog zombie (D:7)
  2 crimson imps (D:6)
  A hound (D:4)
  An orc wizard (D:6)
  A jelly (D:6)
  3 iguanas
  Natasha (thrice) (D:4)
  4 worker ants
  A hound skeleton (D:7)
  Robin (D:4)
  A worker ant zombie (D:7)
  7 adders
  2 oozes
  2 adder zombies (D:8)
  2 adder skeletons
  5 worms
  2 dart slugs
  5 leopard geckos
  10 orcs
  4 giant cockroaches
  10 goblins
  16 hobgoblins
  5 jackals
  4 kobolds
  6 quokkas
  A ball python (D:4)
  3 bats
  2 frilled lizards (D:1)
  A quokka skeleton (D:7)
  A quokka zombie (D:5)
  5 rats
139 creatures vanquished.

Notes
Turn   | Place    | Note
-------+----------+-------------------------------------------
     0 | Abyss:1  | PikkenKukken the Minotaur Abyssal Knight began the quest for the Orb.
     0 | Abyss:1  | Reached XP level 1. HP: 19/19 MP: 1/1
    36 | Abyss:1  | Noticed a large abomination
    37 | D:1      | Escaped the Abyss
   323 | D:1      | Reached XP level 2. HP: 23/27 MP: 2/2
   709 | D:1      | Reached * piety under Lugonu
   955 | D:1      | Reached XP level 3. HP: 33/33 MP: 3/3
  1889 | D:3      | Reached XP level 4. HP: 40/40 MP: 4/4
  1905 | D:3      | Gained mutation: Your spells are a little easier to cast, but a little less powerful. [potion of mutation]
  1905 | D:3      | Gained mutation: You are resistant to hostile enchantments. (MR+) [potion of mutation]
  1905 | D:3      | Gained mutation: You are partially covered in rugged brown scales. (AC +1, +3% HP) [potion of mutation]
  1905 | D:3      | Gained mutation: You can translocate small distances at will. [potion of mutation]
  2548 | D:4      | Reached skill level 1 in Shields
  2548 | D:4      | Reached XP level 5. HP: 44/48 MP: 6/6
  2631 | D:4      | Noticed Robin
  2667 | D:4      | Killed Robin
  2685 | D:4      | Lost mutation: You can translocate small distances at will. [potion of mutation]
  2685 | D:4      | Lost mutation: You are partially covered in rugged brown scales. (AC +1, +3% HP) [potion of mutation]
  2685 | D:4      | Lost mutation: You are resistant to hostile enchantments. (MR+) [potion of mutation]
  2685 | D:4      | Gained mutation: You possess an exceptional clarity of mind. [potion of mutation]
  2685 | D:4      | Gained mutation: Potions are less effective at restoring your health. [potion of mutation]
  2685 | D:4      | Gained mutation: You have a pair of large horns on your head. [potion of mutation]
  2704 | D:4      | Noticed Duvessa
  2704 | D:4      | Noticed Dowan
  2737 | D:4      | Killed Duvessa
  2737 | D:4      | Reached XP level 6. HP: 32/55 MP: 7/7
  2743 | D:4      | Found a deep blue altar of Sif Muna.
  2743 | D:4      | Found a stormy altar of Qazlal.
  3134 | D:4      | Noticed Natasha
  3144 | D:4      | Killed Natasha
  3235 | D:4      | Reached skill level 5 in Fighting
  3267 | D:4      | Noticed Natasha
  3270 | D:4      | Killed Natasha
  3314 | D:4      | Reached ** piety under Lugonu
  3376 | D:4      | Noticed Natasha
  3385 | D:4      | Killed Natasha
  3439 | D:5      | Entered Level 5 of the Dungeon
  3702 | D:5      | Noticed a water moccasin
  3714 | D:5      | Killed a water moccasin
  3714 | D:5      | Reached XP level 7. HP: 47/61 MP: 8/8
  4136 | D:5      | HP: 2/61 [ice beast (18)]
  4435 | D:6      | Found a staircase to the Ecumenical Temple.
  4722 | D:6      | Reached skill level 5 in Axes
  4798 | D:6      | Reached skill level 5 in Armour
  5082 | D:6      | Reached XP level 8. HP: 50/70 MP: 10/10
  5295 | D:6      | Found a blossoming altar of Fedhas.
  5295 | D:6      | Found a hazy altar of Hepliaklqana.
  5696 | D:7      | Reached skill level 5 in Dodging
  5942 | D:7      | Reached skill level 5 in Invocations
  5963 | D:7      | Reached skill level 5 in Shields
  5984 | D:7      | Reached XP level 9. HP: 58/78 MP: 11/11
  6448 | D:8      | Noticed a kobold demonologist
  6458 | D:8      | Killed a kobold demonologist
  6458 | D:8      | Reached *** piety under Lugonu
  6660 | D:8      | Noticed a troll
  6677 | D:8      | Killed a troll
  6941 | D:8      | Found Gozag's Platinum Reserve.
  6941 | D:8      | Noticed a two-headed ogre
  6943 | D:8      | Noticed a tengu warrior
  7259 | D:6      | HP: 4/81 [two-headed ogre/giant club (9)]
  7259 | D:6      | Mangled by a two-headed ogre

Vault maps used:
D:1:      evilmike_arrival_run_for_it, st_stairs_4
D:3:      minmay_misc_feat_roman
D:4:      chequers_temple_overflow_statue_of_worship, uniq_duvessa,
          uniq_natasha, uniq_robin
D:5:      first_ration
D:6:      gammafunk_temple_overflow_pools, minmay_temple_entry_large_hall,
          st_stairs_5, minmay_holes
D:8:      minmay_the_grid_octo_tiled_octocenter, the_bakery,
          nicolae_gozag_zags_fifth_avenue

Skill      XL: |  1  2  3  4  5  6  7  8  9 |
---------------+----------------------------+-----
Invocations    | 2 3 4 5 |  5.0
Fighting       | 4 5 6 7 |  7.9
Axes           | 3 4 5 6 7 |  7.5
Armour         | 3 4 5 6 7 |  7.5
Dodging        | 2 3 4 5 6 |  6.4
Shields        | 1 2 3 5 6 |  6.4

Action                   |  1- 3 |  4- 6 |  7- 9 || total
-------------------------+-------+-------+-------++-------
Melee: Hand axe          |    78 |   164 |   278 ||   520
       Headbutt          |    13 |    24 |    45 ||    82
Invok: Depart the Abyss  |     1 |       |       ||     1
  Use: Scroll            |     7 |     9 |     7 ||    23
       Potion            |       |     2 |       ||     2
  Eat: Chunk             |     2 |     7 |     3 ||    12
       Ration            |       |       |     3 ||     3
Armor: Leather armour    |     6 |       |       ||     6
       Fire dragon scale |    31 |    73 |   114 ||   218
Dodge: Dodged            |    34 |    62 |   158 ||   254
Block: Buckler           |       |    27 |    74 ||   101

Table legend:
 A = Spawn XP
 B = Non-spawn XP
 C = Spawn XP percentage of total XP
 D = Spawn monster count
 E = Non-spawn monster count
 F = Spawn count percentage of total count
 G = Total turns spent on level
                    A         B        C        D         E        F      G
               +---------+---------+-------+---------+---------+-------+---------
         Total |       0 |    4838 |   0.0 |       0 |     139 |   0.0 |  7259
               +---------+---------+-------+---------+---------+-------+---------
           D:1 |       0 |      42 |   0.0 |       0 |      19 |   0.0 |  1092
           D:2 |       0 |      54 |   0.0 |       0 |      12 |   0.0 |   743
           D:3 |       0 |      46 |   0.0 |       0 |      17 |   0.0 |   453
           D:4 |       0 |     440 |   0.0 |       0 |      28 |   0.0 |  1114
           D:5 |       0 |     560 |   0.0 |       0 |      15 |   0.0 |  1195
           D:6 |       0 |     569 |   0.0 |       0 |      14 |   0.0 |  1217
           D:7 |       0 |    1338 |   0.0 |       0 |      18 |   0.0 |   860
           D:8 |       0 |    1789 |   0.0 |       0 |      16 |   0.0 |   548
               +---------+---------+-------+---------+---------+-------+---------
